 Dungeon Sprint DCSS version 0.22-a0-533-g4d20840 (webtiles) character file.

6200 emperorscorpion the Fencer (level 10, -7/102 HPs)
             Began as a Minotaur Fighter on June 22, 2018.
             Was a High Priest of Wu Jian.
             Mangled by a dire elephant (26 damage)
             ... in the Dungeon (Sprint IX: "|||||||||||||||||||||||||||||").
             The game lasted 00:03:17 (1241 turns).

emperorscorpion the Fencer (Minotaur Fighter)       Turns: 1241, Time: 00:03:18

Health: -7/102     AC: 18    Str: 25    XL:     10   Next: 61%
Magic:  10/10      EV: 11    Int:  5    God:    Wu Jian [*****.]
Gold:   0          SH: 14    Dex: 12    Spells: 9/9 levels left

rFire    . . .     SeeInvis .   a - +2 scimitar (flame)
rCold    . . .     Gourm    .   c - +0 shield
rNeg     . . .     Faith    .   u - +1 chain mail
rPois    .         Spirit   .   (helmet restricted)
rElec    .         Reflect  .   s - +0 cloak
rCorr    .         Harm     .   (no gloves)
MR       .....     NoTele   +   (no boots)
Stlth    ..........             (no amulet)
HPRegen  0.27/turn              v - +3 ring of strength
MPRegen  0.12/turn              w - +2 ring of protection

@: exhausted, glowing, heavenly storm
A: retaliatory headbutt, horns 2
a: Wall Jump, Serpent's Lash, Heavenly Storm, Renounce Religion


You were in the Dungeon.
You worshipped Wu Jian.
Wu Jian was extremely pleased with you.
You were not hungry.

You visited 1 branch

Inventory:

Hand Weapons
 a - a +2 scimitar of flaming (weapon)
 r - a +0 long sword
Armour
 b - a +0 scale mail
 c - a +0 shield (worn)
 s - a +0 cloak (worn)
 t - a +0 helmet
 u - a +1 chain mail (worn)
Magical Staves
 q - an uncursed staff of energy
 y - an uncursed staff of wizardry
Jewellery
 v - a +3 ring of strength (left hand)
 w - a +2 ring of protection (right hand)
Wands
 p - a wand of acid (7)
Scrolls
 k - 4 scrolls of blinking
 n - 4 scrolls of remove curse
 o - 2 scrolls of amnesia
 z - a scroll of fog
 A - a scroll of fear
Potions
 d - a potion of might
 e - 6 potions of curing
 g - 5 potions of heal wounds
 h - 2 potions of haste
 i - 4 potions of magic
 j - a potion of berserk rage
 l - a potion of agility
 m - a potion of invisibility
 x - a potion of brilliance
Comestibles
 f - a ration
 B - 4 chunks of flesh


   Skills:
 + Level 13.6 Fighting
 + Level 15.5 Long Blades
 + Level 15.2 Armour
 + Level 5.7 Dodging
 + Level 0.6 Stealth
 + Level 14.1 Shields
 - Level 2.1 Evocations


You had 9 spell levels left.
You didn't know any spells.
Your spell library was empty.

Dungeon Overview and Level Annotations

Branches:
Dungeon (1/1)

Altars:
Cheibriados
Dithmenos
Elyvilon
Fedhas
Gozag
Hepliaklqana
Kikubaaqudgha
Makhleb
Nemelex Xobeh
Okawaru
Qazlal
Ru
Sif Muna
Trog
Uskayaw
Vehumet
Wu Jian
Xom
Yredelemnul
Zin
The Shining One
Beogh
Jiyva
Lugonu


Innate Abilities, Weirdness & Mutations

You reflexively headbutt those who attack you in melee.
You have a pair of horns on your head.


Message History

You stumble backwards!
You slash the dire elephant! You burn the dire elephant.
You headbutt the dire elephant, but do no damage.
The dire elephant is lightly wounded.
You block the dire elephant's attack. The dire elephant trunk-slaps you.
* * * LOW HITPOINT WARNING * * *
Your muscles tense, ready for explosive movement...
You lunge with incredible momentum at the dire elephant, in a flurry of attacks.
You slice the dire elephant!! You burn the dire elephant.
The dire elephant is heavily wounded.
You hit the dire elephant. You burn the dire elephant.
The dire elephant is heavily wounded.
Your supernatural speed expires.
You hit the dire elephant. You burn the dire elephant.
The dire elephant is heavily wounded.
You slice the dire elephant!! You burn the dire elephant.
You headbutt the dire elephant!
The dire elephant is almost dead.
The dire elephant tramples you!!
You die...

▓▓▓▓▓▓▓▓▓▓▓▓▓▓▓▓▓▓▓▓▓▓▓▓▓▓▓
.Y.YYY§§YY@§§...††........÷
▓▓▓▓▓▓▓▓▓▓▓▓▓▓▓▓▓▓▓▓▓▓▓▓▓▓▓▓▓▓▓▓▓
.................................
▓▓▓▓▓▓▓▓▓▓▓▓▓▓▓▓▓▓▓▓▓▓▓▓▓▓▓▓▓▓▓▓▓
...'.....)...'___________________
▓▓▓▓▓▓▓▓▓▓▓▓▓▓▓▓▓▓▓▓▓▓▓▓▓▓▓▓▓▓▓▓▓


You could see a dire elephant and an elephant.

Vanquished Creatures
  A dire elephant (D)
  A centaur warrior (D)
  An ugly thing (D)
  A cyclops (D)
  2 elephants (D)
  A komodo dragon (D)
  A troll (D)
  2 blink frogs (D)
  A hippogriff (D)
  A wyvern (D)
  A wraith (D)
  2 yaks (D)
  A hungry ghost (D)
  3 water moccasins (D)
  4 porcupines (D)
  An orc warrior (D)
  3 ogres (D)
  A black bear (D)
  2 crocodiles (D)
  3 bullfrogs (D)
  An adder (D)
  An adder zombie (D)
  2 orcs (D)
  A bat (D)
  A giant cockroach (D)
  2 goblins (D)
  A frilled lizard (D)
  A rat (D)
43 creatures vanquished.

Notes
Turn   | Place    | Note
-------+----------+-------------------------------------------
     0 | D        | emperorscorpion the Minotaur Fighter began the quest for the Orb.
     0 | D        | Reached XP level 1. HP: 19/19 MP: 0/0
    22 | D        | Noticed an ogre
    25 | D        | Killed an ogre
    25 | D        | Reached XP level 2. HP: 16/31 MP: 1/1
    25 | D        | Reached XP level 3. HP: 20/38 MP: 2/2
    25 | D        | Reached XP level 4. HP: 24/45 MP: 3/3
    46 | D        | Found a roughly hewn altar of Beogh.
    46 | D        | Found a snail-covered altar of Cheibriados.
    46 | D        | Found a shadowy altar of Dithmenos.
    46 | D        | Found a white marble altar of Elyvilon.
    46 | D        | Found a blossoming altar of Fedhas.
    46 | D        | Found an opulent altar of Gozag.
    47 | D        | Found a hazy altar of Hepliaklqana.
    48 | D        | Found a viscous altar of Jiyva.
    49 | D        | Found an ancient bone altar of Kikubaaqudgha.
    50 | D        | Found a corrupted altar of Lugonu.
    51 | D        | Found a burning altar of Makhleb.
    52 | D        | Found a sparkling altar of Nemelex Xobeh.
    53 | D        | Found an iron altar of Okawaru.
    54 | D        | Found a stormy altar of Qazlal.
    55 | D        | Found a sacrificial altar of Ru.
    56 | D        | Found a deep blue altar of Sif Muna.
    57 | D        | Found a bloodstained altar of Trog.
    58 | D        | Found a hide-covered altar of Uskayaw.
    59 | D        | Found a radiant altar of Vehumet.
    60 | D        | Found an ornate altar of the Wu Jian Council.
    61 | D        | Found a shimmering altar of Xom.
    62 | D        | Found a basalt altar of Yredelemnul.
    63 | D        | Found a glowing silver altar of Zin.
    64 | D        | Found a glowing golden altar of the Shining One.
   196 | D        | Noticed a hungry ghost
   196 | D        | Noticed a troll
   196 | D        | Noticed an ogre
   196 | D        | Noticed an ogre
   196 | D        | Noticed a wraith
   196 | D        | Noticed a hippogriff
   211 | D        | Became a worshipper of the Wu Jian Council
   215 | D        | Killed a hippogriff
   215 | D        | Reached skill level 5 in Long Blades
   215 | D        | Reached skill level 1 in Dodging
   215 | D        | Reached XP level 5. HP: 25/56 MP: 4/4
   215 | D        | Reached XP level 6. HP: 27/62 MP: 5/5
   217 | D        | Killed a wraith
   217 | D        | Reached * piety under Wu Jian
   217 | D        | Reached skill level 10 in Armour
   217 | D        | Reached skill level 10 in Shields
   217 | D        | Reached XP level 7. HP: 20/71 MP: 6/6
   269 | D        | Reached skill level 10 in Fighting
   273 | D        | Killed a troll
   277 | D        | Killed a hungry ghost
   277 | D        | Reached ** piety under Wu Jian
   484 | D        | Noticed a centaur warrior
   484 | D        | Noticed a cyclops
   484 | D        | Noticed a brown ugly thing
   493 | D        | Killed a brown ugly thing
   493 | D        | Reached skill level 1 in Evocations
   493 | D        | Reached XP level 8. HP: 69/82 MP: 7/7
   498 | D        | Killed a cyclops
   498 | D        | Reached skill level 10 in Long Blades
   503 | D        | Killed a centaur warrior
   503 | D        | Reached XP level 9. HP: 52/90 MP: 7/9
   504 | D        | Reached *** piety under Wu Jian
   783 | D        | Noticed a komodo dragon
   789 | D        | Reached **** piety under Wu Jian
   802 | D        | Killed a komodo dragon
   820 | D        | Reached ***** piety under Wu Jian
  1118 | D        | Reached XP level 10. HP: 96/100 MP: 10/10
  1121 | D        | Reached skill level 5 in Dodging
  1125 | D        | Reached ****** piety under Wu Jian
  1221 | D        | Noticed a dire elephant
  1221 | D        | Noticed an elephant
  1221 | D        | Noticed a dire elephant
  1221 | D        | Noticed an elephant
  1221 | D        | Noticed an elephant
  1221 | D        | Noticed an elephant
  1227 | D        | Killed an elephant
  1231 | D        | Killed an elephant
  1231 | D        | Reached skill level 15 in Armour
  1232 | D        | Noticed a dire elephant
  1237 | D        | Killed a dire elephant
  1237 | D        | Reached skill level 15 in Long Blades
  1241 | D        | Mangled by a dire elephant

Vault maps used:
D:        linesprint

Skill      XL: |  1  2  3  4  5  6  7  8  9 10 |
---------------+-------------------------------+-----
Fighting       | 6 8 9 11 12 13 | 13.6
Armour         | 6 9 10 12 13 14 15 | 15.2
Shields        | 6 8 10 11 12 13 14 | 14.1
Long Blades    | 3 5 7 9 11 13 15 | 15.5
Dodging        | 1 2 3 4 5 |  5.7
Evocations     | 1 2 |  2.1
Stealth        | |  0.6

Action                   |  1- 3 |  4- 6 |  7- 9 | 10-12 || total
-------------------------+-------+-------+-------+-------++-------
Melee: Long sword        |    12 |    11 |       |       ||    23
       Headbutt          |     4 |     3 |    21 |    11 ||    39
       Scimitar          |       |     3 |    84 |    38 ||   125
Invok: Lunge             |       |       |     3 |     4 ||     7
       Serpent's Lash    |       |       |       |     1 ||     1
       Heavenly Storm    |       |       |       |     1 ||     1
Evoke: Wand              |       |     2 |     1 |       ||     3
  Eat: Chunk             |       |       |     3 |       ||     3
Armor: Scale mail        |     5 |       |       |       ||     5
       Chain mail        |       |     4 |     8 |     4 ||    16
Dodge: Dodged            |     3 |     5 |    10 |     8 ||    26
Block: Shield            |     4 |     9 |    34 |    11 ||    58
       Rpst.: Long sword |     1 |     1 |       |       ||     2
       Scimitar          |       |     1 |     4 |     2 ||     7

Table legend:
 A = Spawn XP
 B = Non-spawn XP
 C = Spawn XP percentage of total XP
 D = Spawn monster count
 E = Non-spawn monster count
 F = Spawn count percentage of total count
 G = Total turns spent on level
                    A         B        C        D         E        F      G
               +---------+---------+-------+---------+---------+-------+---------
         Total |       0 |    8858 |   0.0 |       0 |      43 |   0.0 |  1241
               +---------+---------+-------+---------+---------+-------+---------
             D |       0 |    8858 |   0.0 |       0 |      43 |   0.0 |  1241
               +---------+---------+-------+---------+---------+-------+---------
